[ AOE2 MATCH · #465565151 ]
UnrankedSaracens vs Turks
Player's team · LOSS
[ REPLAY ANALYSIS · EXTRACTED FROM THE RECORDED GAME ]
Feudal
10:04
Castle
23:14
Imperial
—
| APM avg | 53.5 |
| APM peak | 78 |
| eAPM avg | 21.8 |
| Villagers / military | 69 / 73 |
Focus
⚔️ 32.5% · 🌾 67.5%
Archer ×73 · Fishing Ship ×10
Feudal
9:42
Castle
17:59
Imperial
—
| APM avg | 50.3 |
| APM peak | 88 |
| eAPM avg | 19.9 |
| Villagers / military | 91 / 33 |
Focus
⚔️ 30.2% · 🌾 69.8%
Knight ×16 · Scout Cavalry ×14 · Fishing Ship ×4 · Camel Scout ×3
Feudal
10:32
Castle
21:30
Imperial
—
| APM avg | 62.5 |
| APM peak | 92 |
| eAPM avg | 21.3 |
| Villagers / military | 87 / 9 |
Focus
⚔️ 31.3% · 🌾 68.7%
Fishing Ship ×15 · Galley ×9
Feudal
10:17
Castle
14:16
Imperial
—
| APM avg | 53.3 |
| APM peak | 83 |
| eAPM avg | 25.6 |
| Villagers / military | 99 / 22 |
Focus
⚔️ 35.2% · 🌾 64.8%
Unknown (2579) ×34 · Fire Galley ×15 · Fishing Ship ×5 · Petard ×4 · Mangonel ×2 · Transport Ship ×1
Feudal
9:43
Castle
20:39
Imperial
—
| APM avg | 115.4 |
| APM peak | 184 |
| eAPM avg | 37.1 |
| Villagers / military | 98 / 56 |
Focus
⚔️ 52.8% · 🌾 47.2%
Knight ×38 · Scout Cavalry ×16 · Fishing Ship ×11 · Spearman ×2
Feudal
9:09
Castle
25:10
Imperial
—
| APM avg | 66.4 |
| APM peak | 115 |
| eAPM avg | 22.5 |
| Villagers / military | 66 / 51 |
Focus
⚔️ 34.1% · 🌾 65.9%
Knight ×24 · Scout Cavalry ×23 · Spearman ×4 · Fishing Ship ×3
Feudal
10:10
Castle
20:51
Imperial
—
| APM avg | 60.4 |
| APM peak | 94 |
| eAPM avg | 35.4 |
| Villagers / military | 155 / 97 |
Focus
⚔️ 46.9% · 🌾 53.1%
Archer ×91 · Fishing Ship ×8 · Galley ×6 · Unknown (2626) ×3
Feudal
10:06
Castle
19:34
Imperial
—
| APM avg | 54.2 |
| APM peak | 91 |
| eAPM avg | 27.3 |
| Villagers / military | 109 / 87 |
Focus
⚔️ 52.4% · 🌾 47.6%
Knight ×64 · Fishing Ship ×64 · Galley ×19 · Unknown (2626) ×12 · Mangonel ×2 · Transport Ship ×2
Match map
Initial resources + every placement click. Lines = walls · curves = elevation contours. ◆ gold · ⬟ stone · ● berries · ✦ relic · ◌ wall gap
Your base· ✓ Closed at 23:14 · 3t walls · no gate
VN_KoNFeR's base· Open — unwalled flank
ELEOS | Hitorek's base· ✓ Closed at 21:30 · 109t walls · no gate
VN_DarK_KnighT_'s base· Open — unwalled flank
ELEOS | ElNoniro's base· ✓ Closed at 20:39 · 20t walls · 1 gate(s)
VN_MiLLeNcOlin's base· Open — unwalled flank
Calvin_Klein's base· Open — unwalled flank
OS+ | TheKroks's base· ✓ Closed at 19:34 · 0t walls · no gate
Smoothed initial terrain · ◌ = detected wall gap · hover for details
Inputs per minute
— Vazero - - VN_KoNFeR
Build order — Vazero
First 150 of 243 actions detected
| 0:02 | Create | Villager (Male) |
| 0:02 | Create | Villager (Male) |
| 0:03 | Build | House |
| 0:04 | Build | House |
| 0:22 | Create | Villager (Male) |
| 0:22 | Create | Villager (Male) |
| 1:30 | Create | Villager (Male) |
| 1:47 | Build | Lumber Camp |
| 2:07 | Create | Villager (Male) |
| 2:25 | Create | Villager (Male) |
| 2:46 | Create | Villager (Male) |
| 3:26 | Create | Villager (Male) |
| 3:37 | Build | House |
| 3:44 | Create | Villager (Male) |
| 4:09 | Create | Villager (Male) |
| 5:09 | Build | Dock |
| 5:12 | Create | Villager (Male) |
| 5:26 | Create | Villager (Male) |
| 5:52 | Create | Fishing Ship |
| 5:58 | Create | Villager (Male) |
| 6:15 | Create | Villager (Male) |
| 6:21 | Create | Fishing Ship |
| 6:38 | Build | House |
| 6:59 | Create | Villager (Male) |
| 7:11 | Research | Loom |
| 7:20 | Create | Fishing Ship |
| 7:40 | Build | Mining Camp |
| 7:54 | Research | Feudal Age |
| 7:54 | Research | Feudal Age |
| 8:08 | Build | House |
| 9:02 | Build | Barracks |
| 9:14 | Create | Villager (Male) |
| 9:49 | Create | Villager (Male) |
| 10:04 | Age | Feudal Age |
| 10:05 | Build | Archery Range |
| 10:08 | Research | Double-Bit Axe |
| 10:19 | Create | Villager (Male) |
| 10:46 | Create | Villager (Male) |
| 10:55 | Build | House |
| 10:56 | Build | House |
| 10:57 | Create | Villager (Male) |
| 10:59 | Research | Gold Mining |
| 11:03 | Create | Archer |
| 11:06 | Build | Archery Range |
| 11:22 | Create | Archer |
| 11:24 | Create | Villager (Male) |
| 11:40 | Build | Lumber Camp |
| 11:43 | Create | Villager (Male) |
| 11:55 | Create | Archer |
| 12:00 | Build | House |
| 12:13 | Build | Palisade Wall |
| 12:14 | Build | Palisade Wall |
| 12:20 | Build | Palisade Wall |
| 12:28 | Create | Villager (Male) |
| 12:29 | Create | Archer |
| 12:31 | Create | Archer |
| 12:35 | Build | Blacksmith |
| 12:45 | Build | House |
| 12:46 | Create | Villager (Male) |
| 12:48 | Build | Outpost |
| 13:05 | Create | Archer |
| 13:18 | Build | Mill |
| 13:33 | Create | Archer |
| 13:48 | Create | Archer |
| 13:48 | Create | Archer |
| 13:52 | Create | Archer |
| 13:57 | Build | House |
| 14:01 | Build | Farm |
| 14:02 | Build | Farm |
| 14:07 | Create | Archer |
| 14:27 | Create | Fishing Ship |
| 14:27 | Create | Fishing Ship |
| 14:32 | Create | Archer |
| 14:39 | Create | Villager (Male) |
| 14:46 | Create | Archer |
| 15:01 | Create | Archer |
| 15:03 | Create | Villager (Male) |
| 15:11 | Build | Farm |
| 15:16 | Create | Archer |
| 15:21 | Create | Fishing Ship |
| 15:21 | Create | Fishing Ship |
| 15:38 | Build | Farm |
| 15:39 | Build | Farm |
| 15:41 | Create | Villager (Male) |
| 15:46 | Create | Archer |
| 16:06 | Research | Fletching |
| 16:09 | Create | Archer |
| 16:22 | Create | Archer |
| 16:26 | Create | Villager (Male) |
| 16:30 | Create | Fishing Ship |
| 16:36 | Create | Villager (Male) |
| 16:43 | Create | Archer |
| 16:50 | Build | House |
| 16:50 | Build | House |
| 16:58 | Create | Villager (Male) |
| 17:24 | Create | Archer |
| 17:32 | Create | Archer |
| 17:32 | Create | Archer |
| 17:54 | Create | Villager (Male) |
| 17:56 | Build | Farm |
| 18:11 | Create | Archer |
| 18:14 | Build | Farm |
| 18:15 | Build | Farm |
| 18:15 | Build | Farm |
| 18:26 | Create | Villager (Male) |
| 18:42 | Build | House |
| 18:43 | Build | House |
| 18:49 | Create | Archer |
| 18:51 | Create | Archer |
| 19:01 | Create | Villager (Male) |
| 19:04 | Research | Wheelbarrow |
| 19:10 | Create | Archer |
| 19:10 | Create | Archer |
| 19:15 | Build | House |
| 19:16 | Build | House |
| 19:31 | Build | Farm |
| 19:31 | Build | Farm |
| 19:33 | Create | Fishing Ship |
| 19:33 | Create | Fishing Ship |
| 19:52 | Create | Villager (Male) |
| 20:00 | Build | Market |
| 20:34 | Research | Castle Age |
| 20:46 | Create | Archer |
| 20:57 | Create | Archer |
| 21:29 | Create | Archer |
| 21:29 | Create | Archer |
| 21:46 | Create | Archer |
| 22:04 | Research | Padded Archer Armor |
| 22:08 | Create | Archer |
| 22:09 | Create | Archer |
| 22:25 | Create | Archer |
| 22:33 | Create | Villager (Male) |
| 22:37 | Build | Archery Range |
| 23:14 | Age | Castle Age |
| 23:14 | Research | Crossbowman (upgrade) |
| 23:16 | Research | Bodkin Arrow |
| 23:22 | Build | University |
| 23:23 | Build | Lumber Camp |
| 23:24 | Research | Bow Saw |
| 23:28 | Create | Villager (Male) |
| 23:36 | Build | Town Center |
| 23:41 | Create | Villager (Male) |
| 23:43 | Create | Archer |
| 23:45 | Create | Archer |
| 24:11 | Create | Villager (Male) |
| 24:20 | Build | House |
| 24:23 | Build | House |
| 24:39 | Create | Villager (Male) |
| 24:39 | Create | Villager (Male) |
| 25:01 | Research | Ballistics |
Build order — VN_KoNFeR
First 150 of 247 actions detected
| 0:01 | Create | Villager (Male) |
| 0:02 | Build | House |
| 0:03 | Build | House |
| 0:09 | Create | Villager (Male) |
| 0:18 | Create | Villager (Male) |
| 0:23 | Create | Villager (Male) |
| 1:28 | Create | Villager (Male) |
| 1:31 | Build | Lumber Camp |
| 1:55 | Create | Villager (Male) |
| 1:55 | Create | Villager (Male) |
| 2:26 | Create | Villager (Male) |
| 2:53 | Create | Villager (Male) |
| 3:20 | Create | Villager (Male) |
| 3:30 | Build | House |
| 3:43 | Create | Villager (Male) |
| 3:50 | Build | Dock |
| 4:06 | Create | Villager (Male) |
| 4:33 | Create | Fishing Ship |
| 4:37 | Create | Villager (Male) |
| 4:47 | Build | Palisade Wall |
| 4:54 | Create | Villager (Male) |
| 5:19 | Create | Villager (Male) |
| 5:20 | Create | Fishing Ship |
| 5:36 | Build | House |
| 5:38 | Research | Loom |
| 5:54 | Create | Villager (Male) |
| 6:11 | Build | Palisade Wall |
| 6:19 | Create | Villager (Male) |
| 6:30 | Create | Fishing Ship |
| 6:41 | Build | House |
| 7:00 | Create | Villager (Male) |
| 7:28 | Research | Feudal Age |
| 8:04 | Create | Fishing Ship |
| 8:58 | Build | Lumber Camp |
| 9:28 | Build | Barracks |
| 9:42 | Age | Feudal Age |
| 9:47 | Create | Villager (Male) |
| 9:49 | Research | Double-Bit Axe |
| 10:08 | Create | Villager (Male) |
| 10:27 | Build | Stable |
| 10:30 | Create | Villager (Male) |
| 10:39 | Create | Villager (Male) |
| 10:48 | Build | House |
| 11:04 | Create | Villager (Male) |
| 11:08 | Build | Mill |
| 11:23 | Create | Scout Cavalry |
| 11:34 | Create | Scout Cavalry |
| 11:50 | Build | House |
| 11:51 | Create | Villager (Male) |
| 11:55 | Build | Farm |
| 11:56 | Build | Farm |
| 11:58 | Build | House |
| 12:16 | Create | Villager (Male) |
| 12:17 | Build | Farm |
| 12:19 | Build | Farm |
| 12:38 | Build | Farm |
| 12:39 | Build | Farm |
| 12:41 | Create | Villager (Male) |
| 12:47 | Build | House |
| 12:58 | Build | Mining Camp |
| 13:09 | Create | Villager (Male) |
| 13:34 | Build | Blacksmith |
| 13:36 | Create | Villager (Male) |
| 13:40 | Build | Farm |
| 14:02 | Create | Villager (Male) |
| 14:27 | Create | Villager (Male) |
| 14:35 | Build | House |
| 14:40 | Build | House |
| 14:54 | Create | Villager (Male) |
| 15:08 | Research | Castle Age |
| 15:32 | Create | Scout Cavalry |
| 15:36 | Research | Forging |
| 15:37 | Research | Forging |
| 16:41 | Create | Scout Cavalry |
| 17:08 | Research | Bloodlines |
| 17:14 | Research | Scale Barding Armor |
| 17:20 | Build | Farm |
| 17:23 | Build | Farm |
| 17:25 | Build | Farm |
| 17:59 | Age | Castle Age |
| 18:04 | Create | Villager (Male) |
| 18:06 | Research | Chain Barding Armor |
| 18:09 | Build | Town Center |
| 18:13 | Create | Villager (Male) |
| 18:15 | Build | Town Center |
| 18:37 | Build | Farm |
| 18:38 | Research | Bow Saw |
| 18:41 | Build | Farm |
| 19:08 | Create | Villager (Male) |
| 19:13 | Create | Villager (Male) |
| 19:17 | Build | Farm |
| 19:25 | Create | Villager (Male) |
| 19:27 | Build | Farm |
| 19:28 | Build | Farm |
| 19:29 | Create | Villager (Male) |
| 19:36 | Create | Villager (Male) |
| 20:01 | Create | Villager (Male) |
| 20:03 | Build | Farm |
| 20:03 | Build | Farm |
| 20:03 | Build | Farm |
| 20:04 | Build | Farm |
| 20:04 | Build | Farm |
| 20:04 | Build | Farm |
| 20:15 | Create | Villager (Male) |
| 20:16 | Build | Farm |
| 20:17 | Create | Villager (Male) |
| 20:17 | Create | Villager (Male) |
| 20:20 | Build | Farm |
| 20:27 | Create | Scout Cavalry |
| 20:45 | Build | Farm |
| 20:45 | Build | Farm |
| 20:45 | Build | Farm |
| 20:46 | Build | Farm |
| 20:46 | Build | Farm |
| 20:47 | Create | Villager (Male) |
| 20:51 | Create | Villager (Male) |
| 21:20 | Create | Villager (Male) |
| 21:22 | Build | Farm |
| 21:22 | Build | Farm |
| 21:23 | Build | Farm |
| 21:23 | Build | Farm |
| 21:33 | Create | Villager (Male) |
| 21:35 | Build | Farm |
| 21:35 | Build | Farm |
| 21:37 | Build | Farm |
| 21:41 | Create | Villager (Male) |
| 21:55 | Create | Scout Cavalry |
| 22:04 | Create | Knight |
| 22:08 | Build | Stable |
| 22:15 | Create | Knight |
| 22:19 | Create | Villager (Male) |
| 22:19 | Create | Villager (Male) |
| 22:19 | Create | Villager (Male) |
| 22:19 | Create | Villager (Male) |
| 22:20 | Build | Farm |
| 22:21 | Build | Farm |
| 22:22 | Build | Farm |
| 22:30 | Create | Villager (Male) |
| 22:40 | Build | Farm |
| 22:40 | Build | Farm |
| 22:42 | Build | Farm |
| 22:53 | Create | Knight |
| 22:55 | Create | Knight |
| 22:59 | Create | Villager (Male) |
| 23:23 | Create | Knight |
| 23:23 | Create | Knight |
| 23:24 | Create | Villager (Male) |
| 23:25 | Create | Villager (Male) |
| 23:25 | Create | Villager (Male) |
| 23:25 | Create | Villager (Male) |
Build order — ELEOS | Hitorek
First 150 of 218 actions detected
| 0:01 | Create | Villager (Male) |
| 0:02 | Create | Villager (Male) |
| 0:02 | Build | House |
| 0:03 | Build | House |
| 0:05 | Create | Villager (Male) |
| 0:05 | Create | Villager (Male) |
| 1:15 | Create | Villager (Male) |
| 1:40 | Create | Villager (Male) |
| 1:53 | Build | Lumber Camp |
| 2:04 | Create | Villager (Male) |
| 2:05 | Create | Villager (Male) |
| 2:33 | Create | Villager (Male) |
| 2:33 | Create | Villager (Male) |
| 3:07 | Create | Villager (Male) |
| 3:07 | Create | Villager (Male) |
| 3:37 | Create | Villager (Male) |
| 4:13 | Create | Villager (Male) |
| 4:32 | Build | House |
| 4:44 | Create | Villager (Male) |
| 4:50 | Build | Dock |
| 4:54 | Research | Loom |
| 4:58 | Create | Villager (Male) |
| 5:21 | Build | Palisade Wall |
| 5:24 | Create | Villager (Male) |
| 5:25 | Create | Villager (Male) |
| 5:39 | Create | Fishing Ship |
| 5:57 | Create | Fishing Ship |
| 6:08 | Create | Villager (Male) |
| 6:20 | Build | Palisade Wall |
| 6:29 | Create | Villager (Male) |
| 6:31 | Build | House |
| 6:54 | Create | Fishing Ship |
| 7:04 | Create | Fishing Ship |
| 7:27 | Create | Villager (Male) |
| 7:55 | Build | House |
| 8:22 | Research | Feudal Age |
| 8:37 | Build | Palisade Wall |
| 8:37 | Build | Palisade Wall |
| 8:39 | Build | Palisade Wall |
| 8:51 | Create | Fishing Ship |
| 8:55 | Build | Lumber Camp |
| 9:35 | Build | Dock |
| 9:40 | Build | Palisade Wall |
| 9:52 | Build | Mining Camp |
| 10:06 | Create | Villager (Male) |
| 10:11 | Build | House |
| 10:23 | Build | Palisade Wall |
| 10:24 | Build | Palisade Wall |
| 10:32 | Age | Feudal Age |
| 10:35 | Create | Galley |
| 10:35 | Create | Galley |
| 10:43 | Create | Villager (Male) |
| 10:47 | Research | Double-Bit Axe |
| 10:56 | Create | Galley |
| 11:10 | Create | Villager (Male) |
| 11:16 | Build | Palisade Wall |
| 11:23 | Create | Galley |
| 11:32 | Create | Villager (Male) |
| 11:40 | Create | Villager (Male) |
| 11:56 | Build | House |
| 11:59 | Create | Galley |
| 12:02 | Create | Villager (Male) |
| 12:07 | Create | Villager (Male) |
| 12:09 | Create | Galley |
| 12:35 | Build | Blacksmith |
| 12:45 | Build | Stone Wall |
| 12:47 | Build | Stone Wall |
| 12:54 | Create | Galley |
| 13:02 | Create | Villager (Male) |
| 13:13 | Create | Galley |
| 13:15 | Create | Villager (Male) |
| 13:21 | Research | Fletching |
| 13:23 | Build | House |
| 13:34 | Create | Galley |
| 13:51 | Create | Villager (Male) |
| 13:52 | Build | House |
| 14:09 | Create | Villager (Male) |
| 14:15 | Build | Dock |
| 14:19 | Create | Villager (Male) |
| 14:25 | Research | Tech 906 |
| 14:26 | Create | Fishing Ship |
| 14:26 | Create | Fishing Ship |
| 14:34 | Build | Stone Wall |
| 14:35 | Build | Stone Wall |
| 14:36 | Build | Stone Wall |
| 14:37 | Build | Stone Wall |
| 15:15 | Create | Fishing Ship |
| 15:15 | Create | Fishing Ship |
| 15:16 | Create | Villager (Male) |
| 15:17 | Create | Villager (Male) |
| 15:24 | Create | Villager (Male) |
| 15:32 | Build | Mining Camp |
| 15:42 | Build | Stone Wall |
| 15:43 | Build | Stone Wall |
| 16:06 | Create | Villager (Male) |
| 16:13 | Build | Mill |
| 16:14 | Create | Villager (Male) |
| 16:43 | Create | Villager (Male) |
| 16:49 | Build | Stone Wall |
| 16:54 | Create | Villager (Male) |
| 16:57 | Build | Stone Wall |
| 16:59 | Build | Stone Wall |
| 17:05 | Create | Villager (Male) |
| 17:15 | Create | Villager (Male) |
| 17:17 | Build | Market |
| 17:36 | Create | Villager (Male) |
| 18:08 | Create | Villager (Male) |
| 18:11 | Build | Watch Tower |
| 18:13 | Create | Villager (Male) |
| 18:22 | Create | Villager (Male) |
| 18:38 | Research | Castle Age |
| 19:08 | Build | Watch Tower |
| 19:10 | Create | Villager (Male) |
| 19:37 | Build | Watch Tower |
| 19:44 | Create | Villager (Male) |
| 19:48 | Build | Stone Wall |
| 20:09 | Build | Stone Wall |
| 20:10 | Build | Stone Wall |
| 20:12 | Build | Stone Wall |
| 20:14 | Build | Stone Wall |
| 20:16 | Build | Stone Wall |
| 20:17 | Build | Stone Wall |
| 20:21 | Create | Villager (Male) |
| 20:36 | Build | Watch Tower |
| 20:49 | Build | Stone Wall |
| 21:05 | Create | Villager (Male) |
| 21:14 | Build | House |
| 21:15 | Build | Palisade Wall |
| 21:30 | Age | Castle Age |
| 21:34 | Create | Villager (Male) |
| 21:55 | Create | Villager (Male) |
| 22:06 | Build | Town Center |
| 22:14 | Create | Villager (Male) |
| 22:23 | Build | Lumber Camp |
| 22:26 | Create | Villager (Male) |
| 22:40 | Create | Villager (Male) |
| 22:43 | Build | University |
| 22:50 | Build | Stone Wall |
| 22:58 | Create | Villager (Male) |
| 23:02 | Create | Fishing Ship |
| 23:02 | Create | Fishing Ship |
| 23:03 | Create | Fishing Ship |
| 23:03 | Create | Fishing Ship |
| 23:20 | Build | Farm |
| 23:21 | Build | Farm |
| 23:22 | Build | Farm |
| 23:46 | Create | Villager (Male) |
| 23:51 | Build | Farm |
| 23:53 | Build | Farm |
| 23:58 | Build | Farm |
Build order — VN_DarK_KnighT_
First 150 of 207 actions detected
| 0:03 | Create | Villager (Male) ×4 |
| 0:03 | Create | Villager (Male) ×4 |
| 0:05 | Build | House |
| 0:05 | Build | House |
| 1:16 | Create | Villager (Male) |
| 1:17 | Create | Villager (Male) |
| 1:25 | Build | Settlement |
| 1:53 | Create | Villager (Male) |
| 2:26 | Create | Villager (Male) |
| 2:26 | Create | Villager (Male) |
| 2:57 | Create | Villager (Male) |
| 2:57 | Create | Villager (Male) |
| 3:21 | Create | Villager (Male) |
| 3:21 | Create | Villager (Male) |
| 3:31 | Build | Dock |
| 3:48 | Create | Villager (Male) |
| 3:48 | Create | Villager (Male) |
| 4:13 | Create | Fishing Ship |
| 4:19 | Research | Loom |
| 4:36 | Create | Villager (Male) |
| 4:36 | Create | Villager (Male) |
| 4:51 | Create | Fishing Ship |
| 5:12 | Create | Villager (Male) |
| 5:12 | Create | Villager (Male) |
| 5:25 | Build | House |
| 5:55 | Create | Villager (Male) |
| 5:56 | Create | Fishing Ship |
| 6:18 | Create | Villager (Male) |
| 6:19 | Create | Villager (Male) |
| 6:28 | Create | Villager (Male) |
| 6:32 | Create | Fishing Ship |
| 6:33 | Create | Villager (Male) |
| 6:37 | Create | Villager (Male) |
| 6:37 | Create | Villager (Male) |
| 6:52 | Create | Villager (Male) |
| 6:52 | Create | Villager (Male) |
| 7:03 | Build | House |
| 7:12 | Create | Villager (Male) |
| 7:39 | Build | Settlement |
| 7:43 | Create | Villager (Male) |
| 8:02 | Research | Feudal Age |
| 8:52 | Build | Settlement |
| 9:20 | Create | Fishing Ship |
| 9:29 | Create | Villager (Male) |
| 9:30 | Create | Villager (Male) |
| 10:17 | Age | Feudal Age |
| 10:19 | Build | Blacksmith |
| 10:21 | Build | Palisade Wall |
| 10:24 | Create | Villager (Male) |
| 11:07 | Build | Market |
| 11:36 | Research | Castle Age |
| 11:36 | Research | Castle Age |
| 12:31 | Research | Double-Bit Axe |
| 13:23 | Create | Fire Galley |
| 13:23 | Create | Fire Galley |
| 13:37 | Create | Villager (Male) |
| 14:16 | Age | Castle Age |
| 14:19 | Create | Villager (Male) |
| 14:42 | Create | Fire Galley |
| 15:14 | Build | Castle |
| 15:18 | Create | Villager (Male) |
| 15:38 | Research | War Galley (upgrade) |
| 15:44 | Create | Villager (Male) |
| 16:14 | Research | Horse Collar |
| 16:16 | Create | Villager (Male) |
| 16:18 | Research | Fletching |
| 16:27 | Create | Fire Galley |
| 16:39 | Create | Unit 2579 |
| 16:39 | Create | Unit 2579 |
| 17:01 | Build | Farm |
| 17:01 | Build | Farm |
| 17:02 | Build | Farm |
| 17:02 | Build | Farm |
| 17:02 | Build | Farm |
| 17:09 | Create | Fire Galley |
| 17:44 | Build | Town Center |
| 17:45 | Create | Villager (Male) |
| 17:46 | Create | Villager (Male) |
| 18:11 | Create | Unit 2579 |
| 18:11 | Create | Unit 2579 |
| 18:14 | Create | Villager (Male) |
| 18:37 | Create | Fire Galley |
| 18:39 | Create | Unit 2579 |
| 18:43 | Create | Villager (Male) |
| 18:57 | Create | Transport Ship |
| 19:04 | Create | Petard |
| 19:28 | Create | Villager (Male) |
| 19:45 | Create | Unit 2579 |
| 19:52 | Create | Petard |
| 19:59 | Create | Villager (Male) |
| 20:02 | Build | Farm |
| 20:02 | Build | Farm |
| 20:03 | Build | Farm |
| 20:03 | Build | Farm |
| 20:10 | Create | Unit 2579 |
| 20:21 | Create | Fire Galley |
| 20:42 | Research | Bodkin Arrow |
| 20:43 | Create | Unit 2579 |
| 20:43 | Create | Unit 2579 |
| 20:58 | Create | Unit 2579 |
| 20:58 | Create | Villager (Male) |
| 21:05 | Build | Dock |
| 21:07 | Create | Villager (Male) |
| 21:07 | Create | Villager (Male) |
| 21:16 | Create | Unit 2579 |
| 21:17 | Create | Villager (Male) |
| 21:28 | Create | Unit 2579 |
| 21:40 | Create | Villager (Male) |
| 21:50 | Create | Villager (Male) |
| 21:56 | Create | Fire Galley |
| 22:04 | Create | Unit 2579 |
| 22:05 | Create | Villager (Male) |
| 22:19 | Build | Town Center |
| 22:23 | Create | Unit 2579 |
| 22:25 | Create | Villager (Male) |
| 22:35 | Create | Unit 2579 |
| 22:37 | Create | Villager (Male) |
| 22:49 | Create | Fire Galley |
| 22:50 | Create | Villager (Male) |
| 22:54 | Create | Unit 2579 |
| 23:13 | Create | Villager (Male) |
| 23:28 | Create | Villager (Male) ×2 |
| 23:31 | Build | Siege Workshop |
| 23:37 | Create | Villager (Male) |
| 23:38 | Create | Fire Galley |
| 23:47 | Build | Farm |
| 23:48 | Build | Farm |
| 23:49 | Build | Farm |
| 23:52 | Build | Farm |
| 23:58 | Create | Villager (Male) |
| 24:00 | Create | Unit 2579 |
| 24:00 | Create | Unit 2579 |
| 24:29 | Create | Fire Galley |
| 24:30 | Create | Villager (Male) ×2 |
| 24:30 | Create | Villager (Male) ×2 |
| 24:39 | Create | Villager (Male) ×2 |
| 24:44 | Build | Town Center |
| 24:58 | Create | Unit 2579 ×2 |
| 24:59 | Create | Villager (Male) |
| 25:03 | Create | Villager (Male) |
| 25:08 | Build | House |
| 25:12 | Build | House |
| 25:13 | Research | Gold Mining |
| 25:15 | Build | House |
| 25:17 | Build | House |
| 25:24 | Build | House |
| 25:27 | Build | House |
| 25:30 | Build | Palisade Wall |
| 25:33 | Build | Palisade Wall |
| 25:35 | Create | Unit 2579 |
Build order — ELEOS | ElNoniro
First 150 of 291 actions detected
| 0:00 | Create | Villager (Male) |
| 0:01 | Create | Villager (Male) |
| 0:02 | Build | House |
| 0:02 | Build | House |
| 0:04 | Create | Villager (Male) |
| 0:04 | Create | Villager (Male) |
| 1:26 | Create | Villager (Male) |
| 1:32 | Build | Lumber Camp |
| 1:53 | Create | Villager (Male) |
| 2:29 | Create | Villager (Male) |
| 2:29 | Create | Villager (Male) |
| 2:50 | Create | Villager (Male) |
| 2:51 | Create | Villager (Male) |
| 3:19 | Create | Villager (Male) |
| 3:19 | Create | Villager (Male) |
| 3:32 | Research | Loom |
| 3:37 | Create | Villager (Male) |
| 3:44 | Build | Dock |
| 4:00 | Create | Villager (Male) |
| 4:03 | Build | House |
| 4:38 | Create | Villager (Male) |
| 4:48 | Create | Fishing Ship |
| 4:56 | Create | Villager (Male) |
| 4:56 | Create | Villager (Male) |
| 5:08 | Build | House |
| 5:25 | Create | Villager (Male) |
| 5:28 | Create | Fishing Ship |
| 5:29 | Create | Fishing Ship |
| 5:46 | Create | Villager (Male) |
| 5:55 | Create | Villager (Male) |
| 6:23 | Create | Fishing Ship |
| 6:28 | Build | House |
| 6:35 | Create | Villager (Male) |
| 7:04 | Create | Fishing Ship |
| 7:06 | Create | Villager (Male) |
| 7:29 | Research | Feudal Age |
| 7:29 | Research | Feudal Age |
| 7:29 | Research | Feudal Age |
| 7:48 | Build | House |
| 7:49 | Build | Palisade Wall |
| 8:30 | Build | Barracks |
| 8:43 | Create | Villager (Male) |
| 9:43 | Age | Feudal Age |
| 9:46 | Build | Stable |
| 9:46 | Research | Double-Bit Axe |
| 9:46 | Research | Double-Bit Axe |
| 9:46 | Research | Double-Bit Axe |
| 9:48 | Create | Villager (Male) |
| 9:50 | Create | Spearman |
| 10:01 | Create | Villager (Male) |
| 10:25 | Build | Palisade Wall |
| 10:28 | Build | Palisade Wall |
| 10:33 | Create | Villager (Male) |
| 10:39 | Create | Scout Cavalry |
| 10:40 | Create | Scout Cavalry |
| 10:40 | Create | Scout Cavalry |
| 10:41 | Create | Villager (Male) |
| 10:44 | Create | Villager (Male) |
| 10:46 | Build | Mill |
| 10:50 | Build | Palisade Wall |
| 11:03 | Build | Palisade Gate |
| 11:11 | Create | Villager (Male) |
| 11:15 | Create | Villager (Male) |
| 11:23 | Build | Farm |
| 11:24 | Build | Farm |
| 11:24 | Build | Farm |
| 11:26 | Build | Farm |
| 11:42 | Create | Villager (Male) |
| 11:44 | Build | Farm |
| 11:46 | Build | Farm |
| 11:49 | Build | House |
| 11:55 | Research | Wheelbarrow |
| 12:09 | Create | Scout Cavalry |
| 12:13 | Build | House |
| 12:16 | Create | Villager (Male) |
| 12:18 | Build | Farm |
| 12:26 | Build | Palisade Wall |
| 12:31 | Create | Villager (Male) |
| 12:50 | Create | Scout Cavalry |
| 12:51 | Create | Scout Cavalry |
| 13:01 | Build | Farm |
| 13:03 | Build | Farm |
| 13:14 | Create | Spearman |
| 13:22 | Build | House |
| 13:34 | Create | Villager (Male) |
| 13:36 | Build | Farm |
| 13:46 | Create | Villager (Male) |
| 13:53 | Create | Villager (Male) |
| 13:55 | Build | Blacksmith |
| 13:59 | Create | Scout Cavalry |
| 14:10 | Create | Villager (Male) |
| 14:13 | Build | House |
| 14:35 | Create | Villager (Male) |
| 14:49 | Build | Mining Camp |
| 14:52 | Research | Forging |
| 15:01 | Create | Villager (Male) |
| 15:11 | Build | Lumber Camp |
| 15:22 | Create | Villager (Male) |
| 15:32 | Create | Fishing Ship |
| 15:32 | Create | Fishing Ship |
| 15:37 | Research | Scale Barding Armor |
| 16:06 | Research | Bloodlines |
| 16:06 | Research | Bloodlines |
| 16:06 | Research | Bloodlines |
| 16:06 | Research | Bloodlines |
| 16:06 | Research | Bloodlines |
| 16:12 | Build | Farm |
| 16:15 | Build | Farm |
| 16:16 | Create | Fishing Ship |
| 16:25 | Build | Farm |
| 16:27 | Build | Fish Trap |
| 16:34 | Create | Villager (Male) |
| 16:48 | Create | Villager (Male) |
| 17:04 | Create | Villager (Male) |
| 17:34 | Create | Villager (Male) |
| 17:53 | Research | Castle Age |
| 17:53 | Research | Castle Age |
| 17:53 | Research | Castle Age |
| 17:53 | Research | Castle Age |
| 18:00 | Build | Fish Trap |
| 18:12 | Build | Stable |
| 19:25 | Build | Farm |
| 19:32 | Create | Villager (Male) |
| 19:33 | Research | Gold Mining |
| 19:33 | Research | Gold Mining |
| 19:33 | Research | Gold Mining |
| 19:39 | Build | Farm |
| 19:41 | Build | Fish Trap |
| 19:42 | Build | Fish Trap |
| 19:48 | Build | Farm |
| 19:51 | Build | House |
| 19:52 | Build | House |
| 20:23 | Build | Palisade Wall |
| 20:39 | Age | Castle Age |
| 20:41 | Research | Light Cavalry (upgrade) |
| 20:41 | Research | Husbandry |
| 20:41 | Research | Husbandry |
| 20:42 | Research | Chain Barding Armor |
| 20:43 | Create | Villager (Male) |
| 20:46 | Build | Fish Trap |
| 20:48 | Create | Villager (Male) |
| 20:56 | Create | Knight |
| 20:56 | Create | Knight |
| 21:15 | Create | Scout Cavalry |
| 21:20 | Create | Scout Cavalry |
| 21:20 | Create | Scout Cavalry |
| 21:22 | Create | Scout Cavalry |
| 21:22 | Create | Scout Cavalry |
| 21:28 | Create | Scout Cavalry |
| 21:29 | Create | Scout Cavalry |
Build order — VN_MiLLeNcOlin
First 150 of 215 actions detected
| 0:01 | Create | Villager (Male) |
| 0:02 | Create | Villager (Male) |
| 0:02 | Create | Villager (Male) |
| 0:03 | Build | House |
| 0:04 | Build | House |
| 0:08 | Create | Villager (Male) |
| 0:09 | Create | Villager (Male) |
| 1:27 | Create | Villager (Male) |
| 1:27 | Create | Villager (Male) |
| 1:51 | Create | Villager (Male) |
| 1:54 | Build | Lumber Camp |
| 2:17 | Create | Villager (Male) |
| 2:49 | Create | Villager (Male) |
| 3:08 | Create | Villager (Male) |
| 3:08 | Create | Villager (Male) |
| 3:29 | Create | Villager (Male) |
| 4:04 | Create | Villager (Male) |
| 4:11 | Build | House |
| 4:27 | Create | Villager (Male) |
| 4:32 | Build | Dock |
| 4:44 | Create | Villager (Male) |
| 5:10 | Create | Villager (Male) |
| 5:14 | Create | Villager (Male) |
| 5:28 | Create | Fishing Ship |
| 5:33 | Build | Palisade Wall |
| 5:35 | Build | Palisade Wall |
| 5:47 | Create | Villager (Male) |
| 5:51 | Build | Palisade Wall |
| 6:16 | Create | Villager (Male) |
| 6:16 | Create | Villager (Male) |
| 6:21 | Build | House |
| 6:29 | Research | Loom |
| 6:41 | Create | Fishing Ship |
| 6:59 | Research | Feudal Age |
| 7:36 | Build | House |
| 7:42 | Create | Fishing Ship |
| 8:20 | Build | Barracks |
| 8:47 | Create | Villager (Male) |
| 9:00 | Create | Villager (Male) |
| 9:09 | Age | Feudal Age |
| 9:10 | Create | Villager (Male) |
| 9:19 | Build | Stable |
| 9:24 | Research | Double-Bit Axe |
| 9:51 | Create | Scout Cavalry |
| 9:52 | Create | Scout Cavalry |
| 9:57 | Create | Scout Cavalry |
| 10:05 | Build | Mill |
| 10:14 | Build | House |
| 10:24 | Create | Scout Cavalry |
| 10:25 | Create | Villager (Male) |
| 10:38 | Create | Villager (Male) |
| 10:40 | Build | Farm |
| 10:42 | Build | Farm |
| 10:52 | Build | House |
| 11:02 | Create | Villager (Male) |
| 11:10 | Build | Watch Tower |
| 11:17 | Build | Watch Tower |
| 11:20 | Create | Villager (Male) |
| 11:21 | Create | Scout Cavalry |
| 11:30 | Build | Farm |
| 11:33 | Build | Farm |
| 11:43 | Create | Scout Cavalry |
| 11:46 | Build | House |
| 11:50 | Create | Villager (Male) |
| 12:02 | Create | Scout Cavalry |
| 12:12 | Create | Villager (Male) |
| 12:14 | Build | Farm |
| 12:15 | Build | Farm |
| 12:23 | Build | House |
| 12:29 | Create | Scout Cavalry |
| 12:35 | Build | Farm |
| 12:52 | Create | Spearman |
| 12:53 | Create | Scout Cavalry |
| 13:06 | Create | Scout Cavalry |
| 13:17 | Create | Villager (Male) |
| 13:21 | Create | Spearman |
| 13:24 | Build | House |
| 13:34 | Create | Villager (Male) |
| 13:38 | Build | House |
| 13:42 | Create | Spearman |
| 13:59 | Create | Spearman |
| 14:00 | Create | Scout Cavalry |
| 14:14 | Build | House |
| 14:15 | Build | House |
| 14:17 | Create | Villager (Male) |
| 14:19 | Build | Farm |
| 14:21 | Build | Farm |
| 14:22 | Build | Farm |
| 14:42 | Create | Villager (Male) |
| 14:45 | Create | Scout Cavalry |
| 14:48 | Build | Blacksmith |
| 14:59 | Create | Scout Cavalry |
| 15:06 | Build | Farm |
| 15:08 | Build | Farm |
| 15:09 | Build | Farm |
| 15:23 | Create | Villager (Male) |
| 15:28 | Build | House |
| 15:30 | Build | Farm |
| 15:39 | Create | Scout Cavalry |
| 15:55 | Create | Scout Cavalry |
| 15:59 | Build | Farm |
| 16:04 | Research | Scale Barding Armor |
| 16:11 | Build | Farm |
| 16:12 | Build | Farm |
| 16:15 | Create | Villager (Male) |
| 16:31 | Create | Villager (Male) |
| 16:39 | Build | Farm |
| 16:43 | Build | Mining Camp |
| 16:51 | Create | Villager (Male) |
| 16:52 | Create | Scout Cavalry |
| 16:54 | Build | Farm |
| 17:20 | Create | Scout Cavalry |
| 17:24 | Create | Villager (Male) |
| 17:26 | Build | Farm |
| 17:39 | Create | Villager (Male) |
| 17:43 | Build | Farm |
| 17:44 | Build | House |
| 17:53 | Create | Scout Cavalry |
| 17:59 | Build | House |
| 18:05 | Create | Villager (Male) |
| 18:15 | Build | Farm |
| 18:18 | Build | House |
| 18:27 | Create | Villager (Male) |
| 18:35 | Research | Bloodlines |
| 18:35 | Research | Bloodlines |
| 18:47 | Create | Villager (Male) |
| 18:51 | Build | Mill |
| 18:52 | Build | Farm |
| 18:52 | Build | Farm |
| 18:52 | Build | Farm |
| 19:05 | Build | Farm |
| 19:10 | Create | Villager (Male) |
| 19:13 | Build | Farm |
| 19:23 | Create | Villager (Male) |
| 19:31 | Create | Villager (Male) |
| 19:34 | Build | Farm |
| 19:37 | Build | Farm |
| 20:04 | Create | Scout Cavalry |
| 20:11 | Build | Lumber Camp |
| 20:21 | Build | House |
| 20:25 | Create | Scout Cavalry |
| 20:47 | Create | Villager (Male) |
| 21:24 | Create | Villager (Male) |
| 21:25 | Build | Farm |
| 21:26 | Build | Farm |
| 21:42 | Create | Villager (Male) |
| 21:43 | Build | Farm |
| 21:46 | Build | House |
| 22:07 | Build | House |
| 22:19 | Build | House |
Build order — Calvin_Klein
First 150 of 373 actions detected
| 0:01 | Create | Villager (Male) |
| 0:01 | Create | Villager (Male) |
| 0:01 | Create | Villager (Male) |
| 0:01 | Create | Villager (Male) |
| 0:02 | Build | House |
| 0:04 | Build | House |
| 1:29 | Create | Villager (Male) |
| 1:29 | Create | Villager (Male) |
| 1:34 | Create | Villager (Male) |
| 2:27 | Create | Villager (Male) |
| 2:27 | Create | Villager (Male) |
| 2:31 | Create | Villager (Male) |
| 2:31 | Create | Villager (Male) |
| 2:34 | Build | Lumber Camp |
| 3:24 | Create | Villager (Male) |
| 3:24 | Create | Villager (Male) |
| 3:25 | Create | Villager (Male) |
| 3:35 | Create | Villager (Male) |
| 3:36 | Create | Villager (Male) |
| 3:42 | Build | House |
| 4:22 | Create | Villager (Male) |
| 4:25 | Create | Villager (Male) |
| 4:44 | Build | Dock |
| 4:55 | Create | Villager (Male) |
| 4:55 | Create | Villager (Male) |
| 5:35 | Create | Fishing Ship |
| 5:35 | Create | Fishing Ship |
| 5:40 | Build | House |
| 5:44 | Build | House |
| 5:48 | Create | Villager (Male) |
| 5:48 | Create | Villager (Male) |
| 6:07 | Create | Villager (Male) |
| 6:09 | Create | Fishing Ship |
| 6:09 | Create | Fishing Ship |
| 6:14 | Create | Villager (Male) |
| 6:14 | Create | Villager (Male) |
| 6:15 | Create | Villager (Male) |
| 6:26 | Create | Villager (Male) |
| 6:27 | Create | Villager (Male) |
| 6:36 | Create | Villager (Male) |
| 6:49 | Create | Fishing Ship |
| 6:49 | Create | Fishing Ship |
| 7:02 | Create | Villager (Male) |
| 7:03 | Create | Villager (Male) |
| 7:05 | Build | House |
| 7:33 | Research | Loom |
| 7:33 | Research | Loom |
| 7:40 | Create | Fishing Ship |
| 7:40 | Create | Fishing Ship |
| 8:00 | Research | Feudal Age |
| 8:00 | Research | Feudal Age |
| 8:52 | Build | House |
| 9:00 | Build | Mining Camp |
| 9:34 | Build | Dock |
| 9:36 | Build | Palisade Wall |
| 9:37 | Build | Palisade Wall |
| 9:51 | Create | Villager (Male) |
| 10:02 | Create | Villager (Male) |
| 10:10 | Age | Feudal Age |
| 10:16 | Research | Double-Bit Axe |
| 10:16 | Research | Double-Bit Axe |
| 10:17 | Create | Galley |
| 10:17 | Create | Galley |
| 10:18 | Create | Villager (Male) |
| 10:44 | Create | Villager (Male) |
| 10:57 | Create | Villager (Male) |
| 10:57 | Create | Villager (Male) |
| 10:57 | Create | Villager (Male) |
| 11:04 | Build | House |
| 11:20 | Create | Villager (Male) |
| 11:23 | Build | Barracks |
| 11:25 | Create | Villager (Male) |
| 11:26 | Create | Villager (Male) |
| 11:26 | Create | Villager (Male) |
| 11:36 | Create | Villager (Male) |
| 11:39 | Create | Galley |
| 11:39 | Create | Galley |
| 11:46 | Create | Villager (Male) |
| 11:46 | Create | Villager (Male) |
| 12:20 | Create | Galley |
| 12:20 | Create | Galley |
| 12:31 | Create | Villager (Male) |
| 12:51 | Build | Archery Range |
| 13:32 | Create | Villager (Male) |
| 13:35 | Build | Blacksmith |
| 13:52 | Build | House |
| 13:54 | Create | Archer |
| 13:54 | Create | Archer |
| 14:05 | Create | Villager (Male) |
| 14:09 | Research | Fletching |
| 14:11 | Create | Villager (Male) |
| 14:20 | Create | Unit 2626 |
| 14:26 | Build | Mill |
| 14:26 | Create | Villager (Male) |
| 14:30 | Create | Archer |
| 14:31 | Create | Archer |
| 14:39 | Create | Archer |
| 14:40 | Create | Villager (Male) |
| 14:46 | Build | Archery Range |
| 14:58 | Create | Archer |
| 15:21 | Create | Villager (Male) |
| 15:28 | Create | Archer |
| 15:28 | Create | Archer |
| 15:28 | Create | Archer |
| 15:29 | Create | Villager (Male) |
| 15:33 | Build | House |
| 15:39 | Create | Villager (Male) |
| 15:56 | Create | Archer |
| 15:58 | Build | House |
| 16:07 | Build | House |
| 16:09 | Create | Archer |
| 16:09 | Create | Archer |
| 16:10 | Create | Archer |
| 16:15 | Create | Villager (Male) |
| 16:16 | Build | Market |
| 16:19 | Create | Archer |
| 16:19 | Create | Archer |
| 16:20 | Create | Archer |
| 16:21 | Create | Villager (Male) |
| 16:28 | Create | Villager (Male) |
| 16:42 | Create | Archer |
| 16:43 | Create | Archer |
| 16:44 | Create | Villager (Male) |
| 16:48 | Build | Farm |
| 16:48 | Build | Farm |
| 16:48 | Build | Farm |
| 16:49 | Build | Farm |
| 16:49 | Build | Farm |
| 16:57 | Create | Archer |
| 16:57 | Create | Archer |
| 17:11 | Create | Archer |
| 17:11 | Create | Archer |
| 17:12 | Create | Archer |
| 17:21 | Create | Archer |
| 17:21 | Create | Archer |
| 17:30 | Create | Villager (Male) |
| 17:40 | Create | Villager (Male) |
| 18:11 | Research | Castle Age |
| 18:11 | Research | Castle Age |
| 18:15 | Create | Archer |
| 18:15 | Create | Archer |
| 18:22 | Build | House |
| 18:26 | Create | Villager (Male) |
| 18:28 | Build | House |
| 18:37 | Create | Archer |
| 18:37 | Create | Archer |
| 18:48 | Research | Padded Archer Armor |
| 18:48 | Research | Padded Archer Armor |
| 18:48 | Create | Archer |
| 18:49 | Create | Archer |
Build order — OS+ | TheKroks
First 150 of 334 actions detected
| 0:01 | Create | Villager (Male) |
| 0:01 | Create | Villager (Male) |
| 0:05 | Create | Villager (Male) |
| 0:05 | Create | Villager (Male) |
| 0:06 | Create | Villager (Male) |
| 1:21 | Create | Villager (Male) |
| 1:33 | Create | Villager (Male) |
| 1:33 | Create | Villager (Male) |
| 1:52 | Build | Lumber Camp |
| 1:55 | Create | Villager (Male) |
| 1:55 | Create | Villager (Male) |
| 2:38 | Create | Villager (Male) |
| 2:38 | Create | Villager (Male) |
| 2:58 | Create | Villager (Male) |
| 2:59 | Create | Villager (Male) |
| 3:19 | Research | Loom |
| 3:25 | Create | Villager (Male) |
| 4:01 | Create | Villager (Male) |
| 4:01 | Create | Villager (Male) |
| 4:04 | Research | Loom |
| 4:08 | Build | Dock |
| 4:20 | Create | Villager (Male) |
| 4:20 | Create | Villager (Male) |
| 4:50 | Create | Villager (Male) |
| 4:50 | Create | Villager (Male) |
| 4:54 | Create | Fishing Ship |
| 5:04 | Create | Villager (Male) |
| 5:04 | Create | Villager (Male) |
| 5:19 | Create | Fishing Ship |
| 5:48 | Create | Villager (Male) |
| 5:51 | Create | Fishing Ship |
| 6:08 | Create | Villager (Male) |
| 6:13 | Create | Villager (Male) |
| 6:34 | Create | Fishing Ship |
| 6:46 | Create | Villager (Male) |
| 6:50 | Create | Villager (Male) |
| 7:03 | Create | Fishing Ship |
| 7:45 | Research | Feudal Age |
| 8:04 | Build | Lumber Camp |
| 8:39 | Build | Dock |
| 9:12 | Create | Villager (Male) |
| 9:18 | Build | Dock |
| 9:32 | Create | Villager (Male) |
| 9:44 | Build | Mining Camp |
| 9:55 | Create | Villager (Male) |
| 10:06 | Age | Feudal Age |
| 10:09 | Create | Galley |
| 10:09 | Create | Galley |
| 10:09 | Create | Galley |
| 10:19 | Research | Double-Bit Axe |
| 10:19 | Research | Double-Bit Axe |
| 10:23 | Create | Villager (Male) |
| 10:40 | Create | Villager (Male) |
| 10:45 | Create | Galley |
| 10:59 | Create | Galley |
| 10:59 | Create | Galley |
| 10:59 | Create | Galley |
| 11:10 | Create | Galley |
| 11:10 | Create | Galley |
| 11:34 | Create | Galley |
| 11:38 | Research | Tech 906 |
| 11:44 | Create | Villager (Male) |
| 11:59 | Create | Galley |
| 11:59 | Create | Galley |
| 12:04 | Create | Villager (Male) |
| 12:11 | Create | Villager (Male) |
| 12:12 | Create | Fishing Ship |
| 12:12 | Create | Fishing Ship |
| 12:12 | Create | Fishing Ship |
| 12:28 | Create | Villager (Male) |
| 12:34 | Build | Blacksmith |
| 12:43 | Create | Fishing Ship |
| 12:49 | Research | Loom |
| 12:54 | Create | Villager (Male) |
| 13:02 | Create | Villager (Male) |
| 13:06 | Create | Villager (Male) |
| 13:09 | Create | Galley |
| 13:09 | Create | Galley |
| 13:26 | Create | Fishing Ship |
| 13:31 | Create | Villager (Male) |
| 13:35 | Research | Fletching |
| 13:47 | Create | Fishing Ship |
| 13:48 | Create | Fishing Ship |
| 14:07 | Create | Fishing Ship |
| 14:07 | Create | Fishing Ship |
| 14:14 | Create | Fishing Ship |
| 14:19 | Create | Villager (Male) |
| 14:36 | Create | Villager (Male) |
| 14:39 | Build | Mill |
| 14:49 | Create | Fishing Ship |
| 14:50 | Create | Fishing Ship |
| 14:57 | Create | Fishing Ship |
| 15:13 | Create | Fishing Ship |
| 15:29 | Create | Villager (Male) |
| 15:31 | Build | Market |
| 15:49 | Create | Fishing Ship |
| 15:55 | Build | Fish Trap |
| 15:57 | Create | Fishing Ship |
| 16:04 | Build | Lumber Camp |
| 16:07 | Create | Villager (Male) |
| 16:22 | Create | Villager (Male) |
| 16:50 | Build | Barracks |
| 16:54 | Research | Castle Age |
| 16:54 | Research | Castle Age |
| 17:09 | Create | Fishing Ship |
| 17:09 | Create | Fishing Ship |
| 17:09 | Create | Fishing Ship |
| 17:16 | Build | Fish Trap |
| 17:30 | Research | Scale Barding Armor |
| 17:46 | Build | Fish Trap |
| 17:50 | Build | Stable |
| 17:53 | Build | Stable |
| 17:54 | Research | Forging |
| 18:02 | Create | Unit 2626 |
| 18:06 | Research | Gold Mining |
| 18:06 | Research | Gold Mining |
| 18:21 | Create | Unit 2626 |
| 18:21 | Create | Unit 2626 |
| 18:22 | Create | Unit 2626 |
| 18:36 | Build | Fish Trap |
| 18:47 | Research | Bloodlines |
| 18:47 | Research | Bloodlines |
| 18:56 | Build | Stable |
| 19:23 | Create | Villager (Male) |
| 19:27 | Create | Unit 2626 |
| 19:28 | Create | Unit 2626 |
| 19:34 | Age | Castle Age |
| 19:35 | Research | Bow Saw |
| 19:44 | Research | Husbandry |
| 19:45 | Create | Knight |
| 19:45 | Create | Knight |
| 19:48 | Create | Villager (Male) |
| 19:59 | Create | Knight |
| 19:59 | Create | Knight |
| 20:08 | Build | Siege Workshop |
| 20:11 | Create | Villager (Male) |
| 20:13 | Create | Fishing Ship |
| 20:13 | Create | Fishing Ship |
| 20:13 | Create | Fishing Ship |
| 20:14 | Create | Fishing Ship |
| 20:17 | Build | Fish Trap |
| 20:19 | Create | Villager (Male) |
| 20:22 | Create | Villager (Male) |
| 20:33 | Research | War Galley (upgrade) |
| 20:33 | Create | Knight |
| 20:34 | Create | Knight |
| 20:34 | Create | Knight |
| 20:39 | Build | Siege Workshop |
| 21:03 | Research | Chain Barding Armor |
| 21:03 | Create | Villager (Male) |
Match timeline
| 3:31 | VN_DarK_KnighT_ · first_building Dock |
| 3:44 | ELEOS | ElNoniro · first_building Dock |
| 3:50 | VN_KoNFeR · first_building Dock |
| 4:08 | OS+ | TheKroks · first_building Dock |
| 4:32 | VN_MiLLeNcOlin · first_building Dock |
| 4:44 | Calvin_Klein · first_building Dock |
| 4:47 | VN_KoNFeR · wall_segment Palisade Wall x1 |
| 4:50 | ELEOS | Hitorek · first_building Dock |
| 5:09 | Vazero · first_building Dock |
| 5:21 | ELEOS | Hitorek · wall_segment Palisade Wall x16 |
| 5:33 | VN_MiLLeNcOlin · wall_segment Palisade Wall x1 |
| 5:35 | VN_MiLLeNcOlin · wall_segment Palisade Wall x1 |
| 5:51 | VN_MiLLeNcOlin · wall_segment Palisade Wall x1 |
| 6:11 | VN_KoNFeR · wall_segment Palisade Wall x1 |
| 6:20 | ELEOS | Hitorek · wall_segment Palisade Wall x1 |
| 7:49 | ELEOS | ElNoniro · wall_segment Palisade Wall x2 |
| 8:20 | VN_MiLLeNcOlin · first_building Barracks |
| 8:30 | ELEOS | ElNoniro · first_building Barracks |
| 8:37 | ELEOS | Hitorek · wall_segment Palisade Wall x1 |
| 8:37 | ELEOS | Hitorek · wall_segment Palisade Wall x1 |
| 8:39 | ELEOS | Hitorek · wall_segment Palisade Wall x12 |
| 9:02 | Vazero · first_building Barracks |
| 9:09 | VN_MiLLeNcOlin · age_up feudal |
| 9:19 | VN_MiLLeNcOlin · first_building Stable |
| 9:28 | VN_KoNFeR · first_building Barracks |
| 9:36 | Calvin_Klein · wall_segment Palisade Wall x1 |
| 9:37 | Calvin_Klein · wall_segment Palisade Wall x1 |
| 9:40 | ELEOS | Hitorek · wall_segment Palisade Wall x10 |
| 9:42 | VN_KoNFeR · age_up feudal |
| 9:43 | ELEOS | ElNoniro · age_up feudal |
| 9:46 | ELEOS | ElNoniro · first_building Stable |
| 10:04 | Vazero · age_up feudal |
| 10:05 | Vazero · first_building Archery Range |
| 10:06 | OS+ | TheKroks · age_up feudal |
| 10:10 | Calvin_Klein · age_up feudal |
| 10:17 | VN_DarK_KnighT_ · age_up feudal |
| 10:21 | VN_DarK_KnighT_ · wall_segment Palisade Wall x2 |
| 10:23 | ELEOS | Hitorek · wall_segment Palisade Wall x1 |
| 10:24 | ELEOS | Hitorek · wall_segment Palisade Wall x1 |
| 10:25 | ELEOS | ElNoniro · wall_segment Palisade Wall x3 |
| 10:27 | VN_KoNFeR · first_building Stable |
| 10:28 | ELEOS | ElNoniro · wall_segment Palisade Wall x8 |
| 10:32 | ELEOS | Hitorek · age_up feudal |
| 10:50 | ELEOS | ElNoniro · wall_segment Palisade Wall x1 |
| 11:16 | ELEOS | Hitorek · wall_segment Palisade Wall x10 |
| 11:23 | Calvin_Klein · first_building Barracks |
| 12:13 | Vazero · wall_segment Palisade Wall x1 |
| 12:14 | Vazero · wall_segment Palisade Wall x1 |
| 12:20 | Vazero · wall_segment Palisade Wall x1 |
| 12:26 | ELEOS | ElNoniro · wall_segment Palisade Wall x5 |
| 12:45 | ELEOS | Hitorek · wall_segment Stone Wall x10 |
| 12:47 | ELEOS | Hitorek · wall_segment Stone Wall x1 |
| 12:51 | Calvin_Klein · first_building Archery Range |
| 14:16 | VN_DarK_KnighT_ · age_up castle |
| 14:34 | ELEOS | Hitorek · wall_segment Stone Wall x1 |
| 14:35 | ELEOS | Hitorek · wall_segment Stone Wall x1 |
| 14:36 | ELEOS | Hitorek · wall_segment Stone Wall x1 |
| 14:37 | ELEOS | Hitorek · wall_segment Stone Wall x10 |
| 15:14 | VN_DarK_KnighT_ · first_building Castle |
| 15:42 | ELEOS | Hitorek · wall_segment Stone Wall x1 |
| 15:43 | ELEOS | Hitorek · wall_segment Stone Wall x1 |
| 16:39 | OS+ | TheKroks · first_market_buy 100 food |
| 16:49 | ELEOS | Hitorek · wall_segment Stone Wall x10 |
| 16:50 | OS+ | TheKroks · first_building Barracks |
| 16:57 | ELEOS | Hitorek · wall_segment Stone Wall x9 |
| 16:59 | ELEOS | Hitorek · wall_segment Stone Wall x6 |
| 17:50 | OS+ | TheKroks · first_building Stable |
| 17:59 | VN_KoNFeR · age_up castle |
| 18:10 | Calvin_Klein · first_market_buy 100 food |
| 18:11 | Calvin_Klein · first_market_sell 100 wood |
| 18:35 | VN_DarK_KnighT_ · first_market_buy 100 wood |
| 18:42 | ELEOS | Hitorek · first_market_sell 100 wood |
| 18:44 | ELEOS | Hitorek · first_market_buy 100 stone |
| 19:34 | OS+ | TheKroks · age_up castle |
| 19:48 | ELEOS | Hitorek · wall_segment Stone Wall x3 |
| 20:08 | OS+ | TheKroks · first_building Siege Workshop |
| 20:09 | ELEOS | Hitorek · wall_segment Stone Wall x1 |
| 20:10 | ELEOS | Hitorek · wall_segment Stone Wall x1 |
| 20:12 | ELEOS | Hitorek · wall_segment Stone Wall x1 |
| 20:14 | ELEOS | Hitorek · wall_segment Stone Wall x1 |
| 20:16 | ELEOS | Hitorek · wall_segment Stone Wall x1 |
| 20:17 | ELEOS | Hitorek · wall_segment Stone Wall x1 |
| 20:23 | ELEOS | ElNoniro · wall_segment Palisade Wall x1 |
| 20:27 | VN_DarK_KnighT_ · first_market_sell 100 wood |
| 20:39 | ELEOS | ElNoniro · age_up castle |
| 20:49 | ELEOS | Hitorek · wall_segment Stone Wall x1 |
| 20:51 | Calvin_Klein · age_up castle |
| 21:02 | OS+ | TheKroks · first_market_sell 100 wood |
| 21:15 | ELEOS | Hitorek · wall_segment Palisade Wall x1 |
| 21:30 | ELEOS | Hitorek · age_up castle |
| 22:50 | ELEOS | Hitorek · wall_segment Stone Wall x7 |
| 23:14 | Vazero · age_up castle |
| 23:31 | VN_DarK_KnighT_ · first_building Siege Workshop |
| 24:07 | ELEOS | Hitorek · wall_segment Stone Wall x3 |
| 24:52 | Vazero · first_market_sell 100 food |
| 24:53 | Vazero · first_market_buy 100 wood |
| 25:10 | VN_MiLLeNcOlin · age_up castle |
| 25:21 | ELEOS | Hitorek · first_building Castle |
| 25:30 | VN_DarK_KnighT_ · wall_segment Palisade Wall x1 |
| 25:33 | VN_DarK_KnighT_ · wall_segment Palisade Wall x1 |
| 28:14 | OS+ | TheKroks · first_building Monastery |
| 28:27 | VN_KoNFeR · first_market_sell 100 wood |
| 28:28 | VN_KoNFeR · first_market_buy 100 stone |
| 29:45 | ELEOS | Hitorek · wall_segment Stone Wall x1 |
| 30:49 | Calvin_Klein · resign |
[ AI ANALYSIS · 1 CREDIT ]
What really happened in this match?
Wolo.gg analyzes every decision: build order, eco, micro, common mistakes by bracket. Personalized analysis on WhatsApp or Discord in 30 seconds.
Civ guide
Saracens
Perfil
Jugador #4278050